Map: Piattaforma kimerana

Players

Sasi

  • Race: Terran Terran
  • League: Silver
  • Spawn Location: 7:00

Sikor

  • Race: Protoss Protoss
  • Spawn Location: 6:00

Japro

  • Race: Protoss Protoss
  • Spawn Location: 5:00

HANKOU

  • Race: Protoss Protoss
  • Spawn Location: 6:00

Isaac

  • Race: Protoss Protoss
  • Spawn Location: 12:00

IzuliuM

  • Race: Zerg Zerg
  • Spawn Location: 11:00

Jhyrachy

  • Race: Zerg Zerg
  • League: Gold
  • Spawn Location: 1:00

olivier

  • Race: Protoss Protoss
  • Spawn Location: 12:00

VOD

Have the link to the VOD?

Description

Time

  • Played on: May 23, 2016, 5:03 p.m.
  • Length: 11:10
Show
View Real Time Build Order
Export as new Build Order

Sasi Terran 

Build Orders: 1/1/1, MMM Bio 

Get SALT Encoding   

  12  0:01  SCV  
  13  0:13  SCV  
  14  0:19  Supply Depot  
  14  0:25  SCV  
  15  0:31  Refinery  
  15  0:44  Barracks  
  15  0:48  SCV  
  16  1:00  SCV  
  17  1:12  SCV  
  18  1:24  SCV  
  19  1:27  Refinery  
  19  1:31  Marine  
  20  1:35  Factory  
  20  1:41  Orbital Command  
  20  1:49  Marine  
  21  2:06  Marine  
  22  2:20  Starport  
  22  2:24  Marine, Supply Depot  
  23  2:45  Widow Mine  
  23  2:48  Supply Depot  
  25  3:01  Barracks  
  25  3:04  Medivac  
  27  3:13  Widow Mine  
  29  3:24  SCV  
  30  3:31  Barracks Tech Lab  
  30  3:36  SCV  
  30  3:38  Starport Reactor  
  31  3:48  SCV  
  32  3:49  Barracks  
  32  4:00  SCV  
  33  4:04  Command Center  
  33  4:12  SCV  
  34  4:39  Engineering Bay  
  31  4:58  Barracks Reactor  
  31  4:59  Barracks Reactor  
  31  5:00  Stimpack  
  26  5:24  Orbital Command  
  26  5:27  Marauder  
  28  5:31  Medivac x2  
  32  5:37  Marine x4  
  36  5:48  Marauder  
  38  5:54  Marine, Terran Infantry Weapons Level 1  
  37  6:01  Medivac x2  
  37  6:03  SCV  
  42  6:08  SCV  
  42  6:10  Marauder  
  45  6:13  Supply Depot  
  45  6:15  SCV  
  46  6:20  SCV  
  47  6:27  SCV  
  47  6:31  Marauder  
  47  6:32  SCV  
  51  6:36  Supply Depot  
  51  6:39  Engineering Bay, SCV  
  52  6:44  SCV  
  53  6:51  SCV  
  53  6:52  Marauder  
  56  7:01  Combat Shields  
  56  7:14  Marauder  
  58  7:32  Supply Depot  
  58  7:34  Marine  
  58  7:35  Marine x3, Marauder  
  64  7:52  Marine x4  
  64  7:55  Supply Depot  
  64  7:56  Marauder  
  62  8:10  Marine x4  
  62  8:11  Terran Infantry Armor Level 1  
  66  8:15  Armory  
  66  8:18  Supply Depot, Marauder  
  68  8:20  Liberator x2  
  68  8:24  Barracks  
  68  8:28  Marine x4  
  72  8:39  Marauder  
  72  8:41  Supply Depot  
  80  9:00  Marine  
  81  9:04  Supply Depot  
  79  9:12  Barracks  
  79  9:27  Supply Depot  
  76  9:50  Marine x4  
  76  9:51  Marine x2  
  80  10:08  Marine x6  
  86  10:26  Marine x6  
  92  10:43  Marine  
  92  10:44  Marine x5  
  92  10:47  Marine  
Show
View Real Time Build Order
Export as new Build Order

Sikor Protoss 

Build Orders:  

Get SALT Encoding   

  12  0:01  Probe (Chrono Boost)  
  13  0:11  Probe (Chrono Boost)  
  14  0:18  Pylon  
  14  0:22  Probe (Chrono Boost)  
  15  0:31  Assimilator  
  15  0:37  Probe (Chrono Boost)  
  16  0:45  Gateway  
  16  0:47  Probe (Chrono Boost)  
  17  0:58  Probe (Chrono Boost)  
  17  1:03  Pylon  
  18  1:08  Probe (Chrono Boost)  
  19  1:18  Gateway  
  19  1:19  Probe (Chrono Boost)  
  20  1:29  Probe (Chrono Boost)  
  21  1:34  Cybernetics Core  
  21  1:38  Pylon  
  21  1:40  Probe (Chrono Boost)  
  22  1:50  Probe (Chrono Boost)  
  23  1:54  Assimilator, Zealot (Chrono Boost)  
  25  2:02  Probe  
  26  2:11  Warp Gate (Chrono Boost)  
  26  2:14  Probe  
  29  2:16  Adept (Chrono Boost)  
  29  2:21  Adept (Chrono Boost)  
  31  2:26  Probe  
  32  2:36  Twilight Council  
  32  2:38  Pylon  
  32  2:39  Probe  
  35  2:45  Adept (Chrono Boost)  
  35  2:48  Adept (Chrono Boost)  
  37  3:20  Nexus  
  37  3:23  Pylon  
  37  3:27  Assimilator  
  37  3:41  Mothership Core  
  39  3:46  Gateway  
  39  3:50  Pylon  
  39  4:02  Probe  
  40  4:10  Protoss Air Weapons Level 1 (Chrono Boost)  
  40  4:11  Resonating Glaives (Chrono Boost)  
  40  4:14  Probe  
  41  4:23  Stalker  
  35  4:24  Zealot  
  35  4:28  Probe  
  38  4:31  Probe  
  39  4:39  Gateway x2  
  39  4:40  Probe  
  39  4:42  Probe  
  41  4:46  Zealot  
  41  4:47  Sentry  
  45  4:54  Pylon  
  45  4:55  Probe  
  46  5:04  Adept  
  46  5:05  Probe  
  49  5:22  Gateway  
  49  5:24  Stalker x2, Gateway  
  53  5:29  Zealot  
  55  5:41  Forge  
  55  5:52  Stalker x3  
  55  5:53  Sentry  
  63  6:00  Assimilator  
  63  6:03  Pylon  
  63  6:21  Stalker x2  
  63  6:22  Stalker  
  63  6:23  Pylon  
  63  6:25  Probe  
  69  6:26  Probe  
  71  6:38  Probe  
  62  6:51  Stalker x2  
  62  6:52  Stalker  
  62  6:53  Zealot x2  
  66  6:59  Blink (Chrono Boost)  
  56  7:17  Protoss Ground Armor Level 1 (Chrono Boost)  
  56  7:20  Stalker  
  56  7:21  Stalker  
  60  7:23  Sentry  
  62  7:40  Robotics Facility  
  62  7:47  Stalker  
  64  7:53  Photon Cannon  
  64  8:01  Photon Cannon  
  64  8:20  Stalker x3  
  69  8:28  Stalker  
  69  8:32  Observer (Chrono Boost)  
  72  8:35  Probe  
  73  8:47  Probe  
  74  8:49  Probe  
  75  8:59  Probe  
  75  9:00  Protoss Ground Weapons Level 1 (Chrono Boost)  
  51  10:18  Stalker  
  51  10:19  Stalker x3  
  51  10:20  Zealot, Stalker x2, Immortal  
  65  10:27  Photon Cannon  
  69  10:42  Stalker x2  
  73  10:43  Stalker  
  73  10:45  Zealot x2  
  73  10:48  Sentry  
Show
View Real Time Build Order
Export as new Build Order

Japro Protoss 

Build Orders: Oracle Opening 

Get SALT Encoding   

  12  0:01  Probe (Chrono Boost)  
  13  0:12  Probe (Chrono Boost)  
  14  0:19  Pylon  
  14  0:22  Probe (Chrono Boost)  
  15  0:37  Probe (Chrono Boost), Gateway  
  16  0:47  Assimilator, Probe (Chrono Boost)  
  17  0:58  Probe (Chrono Boost)  
  18  1:05  Pylon  
  18  1:08  Probe (Chrono Boost)  
  19  1:16  Assimilator  
  19  1:19  Probe (Chrono Boost)  
  20  1:26  Cybernetics Core  
  20  1:29  Probe (Chrono Boost)  
  21  1:40  Probe (Chrono Boost)  
  22  1:47  Pylon  
  22  1:50  Probe (Chrono Boost)  
  24  2:01  Probe (Chrono Boost)  
  24  2:08  Stargate  
  24  2:12  Probe (Chrono Boost)  
  25  2:21  Nexus  
  25  2:24  Probe (Chrono Boost)  
  26  2:35  Probe (Chrono Boost)  
  27  2:45  Probe (Chrono Boost)  
  27  2:51  Oracle (Chrono Boost), Pylon  
  28  2:56  Probe  
  32  3:00  Assimilator  
  32  3:04  Assimilator  
  32  3:08  Probe  
  33  3:13  Stargate  
  33  3:20  Probe  
  33  3:26  Oracle (Chrono Boost)  
  37  3:28  Pylon  
  37  3:34  Probe  
  37  3:40  Probe  
  39  3:44  Probe  
  40  3:49  Pylon  
  40  3:52  Probe  
  40  3:55  Probe  
  41  3:56  Forge  
  42  4:04  Probe  
  43  4:12  Probe  
  43  4:17  Probe  
  45  4:22  Void Ray (Chrono Boost)  
  45  4:23  Probe  
  49  4:29  Probe  
  51  4:33  Probe  
  53  5:16  Void Ray (Chrono Boost)  
  53  5:18  Probe  
  53  5:19  Protoss Shields Level 1  
  53  5:20  Void Ray (Chrono Boost)  
  58  5:28  Protoss Air Weapons Level 1  
  58  5:34  Cybernetics Core  
  58  5:39  Nexus  
  58  5:42  Assimilator  
  58  5:46  Assimilator  
  58  5:54  Void Ray (Chrono Boost)  
  58  5:56  Pylon  
  66  5:57  Probe, Void Ray (Chrono Boost)  
  66  5:58  Pylon  
  67  6:09  Probe  
  68  6:21  Probe  
  68  6:22  Twilight Council  
  69  6:28  Stargate  
  69  6:32  Void Ray (Chrono Boost)  
  73  6:33  Probe  
  73  6:35  Void Ray (Chrono Boost)  
  37  7:09  Probe  
  37  7:10  Probe  
  39  7:21  Probe  
  39  7:22  Void Ray (Chrono Boost)  
  44  7:23  Probe, Void Ray (Chrono Boost)  
  49  7:32  Nexus  
  49  7:33  Probe  
  49  7:35  Probe  
  51  7:45  Probe  
  51  7:47  Probe  
  53  7:57  Probe  
  54  8:25  Void Ray (Chrono Boost)  
  54  8:26  Void Ray (Chrono Boost)  
  62  8:37  Probe  
  63  8:42  Probe  
  64  8:49  Probe  
  64  8:50  Probe  
  64  8:54  Probe  
  67  9:01  Probe  
  67  9:02  Probe  
  69  9:07  Probe  
  70  9:13  Probe  
  70  9:14  Probe  
  72  9:19  Probe  
  72  9:24  Probe  
  73  9:31  Probe  
  75  9:34  Probe  
  76  9:43  Probe  
  76  9:44  Void Ray x2 (Chrono Boost)  
  76  9:45  Probe  
  86  9:55  Probe  
  87  10:13  Probe  
  87  10:14  Probe  
  92  10:18  Void Ray (Chrono Boost)  
  93  10:24  Probe  
  93  10:25  Probe  
  95  10:35  Probe  
  95  10:37  Probe  
  97  10:45  Probe  
  97  10:49  Probe  
  87  10:56  Probe  
Show
View Real Time Build Order
Export as new Build Order

HANKOU Protoss 

Build Orders:  

Get SALT Encoding   

  12  0:06  Probe (Chrono Boost)  
  13  0:16  Probe (Chrono Boost)  
  14  0:26  Pylon  
  14  0:33  Probe (Chrono Boost)  
  15  0:45  Gateway  
  15  0:50  Gateway  
  15  0:59  Gateway  
  15  1:06  Assimilator  
  15  1:14  Pylon  
  15  1:16  Probe (Chrono Boost)  
  16  1:27  Probe (Chrono Boost)  
  16  1:32  Zealot  
  19  1:37  Probe (Chrono Boost)  
  19  1:38  Zealot  
  22  1:49  Zealot  
  24  1:59  Cybernetics Core  
  24  2:03  Assimilator  
  24  2:05  Probe (Chrono Boost)  
  25  2:12  Zealot  
  28  2:15  Probe (Chrono Boost)  
  28  2:23  Pylon  
  28  2:39  Stalker  
  28  2:41  Stalker  
  32  2:50  Stalker  
  34  2:56  Pylon  
  34  2:59  Probe (Chrono Boost)  
  35  3:09  Stalker  
  37  3:14  Probe (Chrono Boost)  
  38  3:20  Stalker  
  38  3:25  Sentry  
  42  3:37  Warp Gate (Chrono Boost)  
  42  3:39  Sentry  
  44  3:43  Pylon  
  44  3:55  Stalker  
  46  4:01  Stalker  
  46  4:02  Pylon  
  48  4:10  Stalker  
  52  4:31  Sentry  
  52  4:47  Sentry  
  54  5:00  Forge  
  54  5:12  Nexus  
  54  5:33  Sentry  
  54  5:34  Sentry  
  58  5:36  Sentry  
  60  5:47  Pylon  
  60  5:49  Pylon  
  60  6:18  Photon Cannon  
  60  6:19  Photon Cannon  
  60  6:20  Photon Cannon  
  60  6:22  Photon Cannon  
  60  6:28  Nexus  
  60  6:30  Probe  
  61  6:39  Protoss Ground Weapons Level 1 (Chrono Boost)  
  61  6:41  Probe  
  62  6:49  Sentry  
  62  6:50  Sentry x2  
  68  7:37  Probe  
  69  7:45  Assimilator  
  69  7:48  Probe  
  69  7:49  Assimilator  
  70  7:59  Probe  
  70  8:01  Robotics Facility  
  71  8:06  Pylon  
  71  8:09  Photon Cannon  
  71  8:10  Photon Cannon  
  71  8:13  Stalker x2  
  71  8:14  Stalker  
  77  8:21  Twilight Council  
  77  8:26  Protoss Ground Armor Level 1 (Chrono Boost)  
  77  8:49  Observer  
  78  9:01  Nexus  
  78  9:03  Pylon  
  78  9:08  Blink (Chrono Boost)  
  78  9:10  Observer  
  79  9:22  Gateway  
  79  9:31  Observer  
  79  9:37  Photon Cannon  
  80  9:43  Photon Cannon  
  80  9:57  Photon Cannon  
  80  10:59  Stalker x3  
  86  11:08  Assimilator  
Show
View Real Time Build Order
Export as new Build Order

Isaac Protoss 

Build Orders: 1 Gate Expand 

Get SALT Encoding   

  12  0:02  Probe (Chrono Boost)  
  13  0:13  Probe (Chrono Boost)  
  14  0:23  Probe (Chrono Boost)  
  14  0:28  Pylon  
  15  0:40  Assimilator  
  15  0:46  Probe (Chrono Boost)  
  15  0:47  Gateway  
  16  0:57  Probe (Chrono Boost)  
  17  0:59  Assimilator  
  17  1:07  Probe (Chrono Boost)  
  18  1:18  Probe (Chrono Boost)  
  19  1:31  Nexus  
  19  1:35  Probe (Chrono Boost)  
  20  1:45  Probe (Chrono Boost)  
  21  1:50  Cybernetics Core  
  21  1:57  Probe (Chrono Boost)  
  22  2:13  Probe (Chrono Boost)  
  23  2:23  Pylon  
  23  2:27  Forge  
  23  2:33  Robotics Facility  
  23  2:34  Warp Gate  
  23  2:41  Probe (Chrono Boost)  
  24  2:46  Probe (Chrono Boost)  
  24  2:50  Stalker  
  27  3:02  Mothership Core (Chrono Boost)  
  27  3:03  Probe (Chrono Boost)  
  30  3:15  Probe (Chrono Boost)  
  31  3:20  Immortal  
  31  3:25  Probe x2 (Chrono Boost)  
  37  3:39  Sentry  
  39  3:44  Protoss Ground Weapons Level 1 (Chrono Boost)  
  39  3:45  Pylon  
  39  3:52  Probe  
  39  3:53  Probe  
  39  3:54  Twilight Council  
  41  4:06  Gateway x2  
  41  4:18  Gateway  
  41  4:22  Gateway, Observer  
  41  4:24  Gateway  
  38  5:09  Stalker  
  38  5:10  Protoss Ground Armor Level 1 (Chrono Boost)  
  40  5:16  Pylon  
  40  5:17  Probe x2  
  40  5:18  Charge (Chrono Boost)  
  42  5:25  Gateway  
  42  5:27  Gateway  
  42  5:35  Stalker  
  44  5:37  Stalker x2  
  44  5:42  Pylon  
  48  5:46  Pylon  
  47  5:54  Pylon  
  47  5:55  Immortal  
  47  5:56  Zealot  
  53  6:07  Pylon  
  53  6:12  Probe x2  
  53  6:16  Zealot  
  57  6:20  Stalker  
  57  6:21  Photon Cannon  
  59  6:56  Disruptor  
  55  7:16  Stalker x4  
  55  7:17  Stalker  
  55  7:20  Immortal  
  66  7:40  Stalker x3  
  68  8:03  Photon Cannon  
  68  8:12  Assimilator  
  68  8:17  Assimilator  
  68  8:23  Stalker  
  70  8:28  Probe  
  70  8:29  Probe  
  72  8:40  Probe  
  72  8:41  Probe  
  74  8:44  Stalker  
  74  8:45  Stalker  
  74  8:46  Zealot  
  74  8:47  Zealot x2  
  84  8:52  Probe, Protoss Ground Weapons Level 2  
  84  8:53  Probe  
  86  9:00  Blink (Chrono Boost)  
  86  9:25  Pylon  
  86  9:28  Pylon  
  86  9:44  Probe x2  
  88  9:52  Pylon  
  86  9:55  Pylon  
  86  9:56  Probe x2  
  86  10:08  Probe x2  
  88  10:19  Stalker x5  
  98  10:35  Dark Shrine  
  96  11:04  Zealot x5  
  98  11:05  Zealot x2  
Show
View Real Time Build Order
Export as new Build Order

IzuliuM Zerg 

Build Orders: Pool First 

Get SALT Encoding   

  12  0:02  Drone  
  13  0:20  Drone  
  14  0:31  Spawning Pool  
  14  0:34  Extractor  
  12  0:36  Drone  
  12  0:37  Drone  
  14  0:45  Overlord  
  14  1:04  Drone x2  
  16  1:26  Hatchery  
  16  1:29  Drone  
  16  1:33  Drone  
  16  1:37  Drone  
  18  1:44  Drone  
  19  1:49  Metabolic Boost  
  19  1:55  Zergling x2  
  20  2:04  Zergling x2  
  21  2:17  Zergling x2  
  22  2:26  Overlord  
  22  2:38  Drone  
  22  2:39  Drone  
  23  2:51  Zergling x4  
  25  3:01  Zergling x4  
  25  3:04  Queen  
  29  3:10  Spine Crawler  
  28  3:22  Zergling x4  
  28  3:23  Zergling x4  
  32  3:29  Spine Crawler  
  32  3:34  Zergling x4  
  33  3:42  Baneling Nest  
  33  3:47  Zergling x4, Evolution Chamber  
  33  3:54  Lair  
  33  3:59  Zergling x4  
  33  4:02  Drone  
  34  4:26  Drone x2  
  23  5:00  Spine Crawler  
  22  5:09  Spine Crawler  
  22  5:11  Zergling x2, Drone x2  
  22  5:12  Zergling x6  
  27  5:24  Overseer  
  27  5:27  Drone x3  
  27  5:28  Drone  
  31  5:34  Baneling x4  
  30  6:06  Zergling x8  
  30  6:07  Zergling x4  
  36  6:21  Overlord x2  
  36  6:23  Hatchery  
  35  6:34  Zergling x2  
  35  6:39  Drone x2  
  27  7:16  Overlord, Zergling x4  
  27  7:17  Zergling x6  
  31  7:23  Drone x3  
  31  7:28  Zergling x2  
  35  7:44  Spore Crawler, Spine Crawler  
  35  7:45  Spine Crawler  
  35  7:46  Drone x5  
  37  7:53  Spine Crawler  
  27  8:30  Spore Crawler, Drone x4  
  27  8:31  Spore Crawler, Drone x3  
  32  8:47  Zergling x10, Spore Crawler x2  
  35  8:49  Spore Crawler  
  34  8:56  Hydralisk Den  
  11  9:29  Drone x4  
  11  9:30  Drone x5  
  6  9:51  Overlord  
  3  9:53  Drone  
  4  10:00  Drone x2  
  6  10:11  Drone  
Show
View Real Time Build Order
Export as new Build Order

Jhyrachy Zerg 

Build Orders: Hatch First 

Get SALT Encoding   

  12  0:03  Drone  
  13  0:14  Drone  
  13  0:18  Overlord  
  14  0:37  Drone x3  
  17  0:58  Drone  
  17  1:02  Hatchery  
  17  1:13  Spawning Pool  
  17  1:15  Drone  
  17  1:33  Extractor  
  17  1:35  Drone  
  17  1:36  Overlord, Drone  
  18  1:48  Drone  
  19  1:58  Drone  
  19  2:00  Queen, Extractor  
  21  2:11  Drone  
  22  2:19  Drone  
  23  2:30  Drone  
  23  2:36  Queen  
  26  2:45  Drone x3  
  26  2:46  Drone  
  30  2:56  Baneling Nest  
  29  2:59  Evolution Chamber  
  29  3:00  Drone x2  
  29  3:01  Evolution Chamber  
  29  3:18  Spine Crawler  
  28  3:20  Spine Crawler  
  27  3:27  Zergling x8  
  27  3:28  Zergling x2  
  27  3:31  Metabolic Boost  
  32  3:48  Baneling x2  
  32  3:50  Burrow  
  32  3:52  Zergling x8  
  36  4:03  Overlord  
  36  4:11  Baneling x3  
  36  4:24  Drone x7  
  37  4:31  Spore Crawler  
  41  4:35  Spore Crawler  
  23  4:47  Drone  
  23  4:49  Drone  
  25  5:06  Drone x2  
  25  5:07  Drone  
  28  5:11  Drone  
  29  5:25  Drone x2  
  29  5:26  Drone x2  
  33  5:59  Queen  
  33  6:00  Drone x4  
  33  6:01  Drone  
  33  6:03  Drone  
  33  6:04  Drone  
  42  6:10  Zerg Melee Weapons Level 1  
  42  6:14  Zerg Ground Armor Level 1  
  42  6:22  Overlord  
  39  6:56  Drone x4  
  39  6:59  Overlord x2  
  39  7:08  Lair  
  38  7:16  Extractor  
  38  7:17  Extractor, Drone x2  
  38  7:18  Drone x2  
  39  7:27  Spine Crawler  
  39  7:28  Spore Crawler  
  37  7:34  Spore Crawler  
  36  7:57  Spine Crawler  
  35  8:01  Queen  
  37  8:08  Zerg Melee Weapons Level 2  
  37  8:09  Zerg Ground Armor Level 2  
  37  8:13  Queen  
  37  8:15  Infestation Pit  
  36  8:20  Drone  
  36  8:21  Drone x5  
  36  8:22  Drone x2  
  44  8:39  Hydralisk Den  
  43  9:16  Spine Crawler  
  33  9:35  Spore Crawler  
  33  9:37  Hydralisk x3  
  33  9:38  Spore Crawler x2, Hydralisk x12  
  48  10:19  Hatchery  
  47  10:34  Hatchery  
  38  11:05  Hatchery  
Show
View Real Time Build Order
Export as new Build Order

olivier Protoss 

Build Orders:  

Get SALT Encoding   

  12  0:09  Probe (Chrono Boost)  
  13  0:19  Probe (Chrono Boost)  
  14  0:21  Pylon  
  15  0:35  Probe (Chrono Boost)  
  15  0:41  Assimilator  
  15  0:46  Probe (Chrono Boost)  
  16  0:56  Probe (Chrono Boost)  
  17  1:02  Gateway  
  17  1:06  Gateway  
  17  1:12  Pylon  
  17  1:13  Probe (Chrono Boost)  
  18  1:23  Assimilator  
  18  1:24  Probe (Chrono Boost)  
  19  1:38  Gateway  
  19  1:50  Cybernetics Core  
  19  2:04  Gateway  
  19  2:06  Probe (Chrono Boost)  
  20  2:17  Probe (Chrono Boost)  
  21  2:28  Probe (Chrono Boost)  
  22  2:32  Stalker  
  24  2:38  Probe (Chrono Boost)  
  24  2:41  Pylon  
  24  2:42  Pylon  
  25  2:49  Probe (Chrono Boost)  
  25  2:50  Warp Gate  
  26  2:55  Stalker  
  28  3:09  Stalker  
  30  3:21  Twilight Council  
  30  3:33  Stalker x2  
  34  3:48  Mothership Core (Chrono Boost)  
  36  3:54  Pylon  
  36  3:58  Stalker  
  38  4:37  Blink  
  38  4:42  Dark Shrine  
  38  4:52  Nexus, Forge  
  38  5:25  Robotics Facility  
  38  5:29  Pylon  
  38  5:35  Pylon  
  38  5:36  Stalker  
  38  5:39  Stalker  
  42  5:55  Assimilator  
  42  6:02  Photon Cannon  
  42  6:05  Photon Cannon  
  42  6:15  Probe x2 (Chrono Boost)  
  44  6:24  Dark Templar  
  48  6:25  Probe x2 (Chrono Boost)  
  34  7:08  Dark Templar  
  34  7:09  Dark Templar  
  34  7:10  Dark Templar x2  
  40  7:18  Probe (Chrono Boost)  
  39  7:29  Probe (Chrono Boost)  
  40  7:33  Pylon  
  40  7:37  Assimilator  
  40  7:39  Probe (Chrono Boost)  
  41  7:50  Probe (Chrono Boost)  
  31  8:00  Probe (Chrono Boost)  
  31  8:07  Stalker x2  
  31  8:08  Stalker x2  
  38  8:16  Pylon  
  36  8:24  Nexus  
  34  8:27  Pylon  
  30  8:39  Stalker x3  
  30  8:41  Stalker  
  38  8:45  Observer  
  40  8:48  Probe (Chrono Boost)  
  40  8:53  Probe (Chrono Boost)  
  41  8:59  Probe (Chrono Boost)  
  42  9:06  Observer  
  43  9:16  Photon Cannon  
  39  9:36  Dark Templar x3  
Tags
 
Add a new tag
Caveats
  • Supply blocks, unpowered buildings, or Contaminate may cause inaccurate times.
  • Supply counts are checked every 10 seconds.